 Dungeon Crawl Stone Soup version 0.27.1 (webtiles) character file.

Game seed: 9118149728930134652

194 ZARRMARR the Skirmisher (level 5, -3/37 HPs)
             Began as an Octopode Wanderer on Sept 4, 2021.
             Slain by Crazy Yiuf (14 damage)
             ... on level 2 of the Dungeon.
             The game lasted 00:06:28 (1695 turns).

ZARRMARR the Skirmisher (Octopode Wanderer)         Turns: 1695, Time: 00:06:29

Health: -3/37      AC:  1    Str: 12    XL:     5   Next: 73%
Magic:  7/7        EV: 13    Int: 15    God:
Gold:   63         SH:  0    Dex: 11    Spells: 6/6 levels left

rFire    . . .     SeeInvis .   a - +2 shortbow
rCold    . . .     Faith    .   (shield currently unavailable)
rNeg     + . .     Spirit   .   (helmet restricted)
rPois    .         Reflect  .   g - amulet of regeneration
rElec    .         Harm     .   h - ring of positive energy
rCorr    .         Rampage  .   (no ring)
Will     .....                  (no ring)
Stlth    +++.......             (no ring)
HPRegen  1.12/turn              (no ring)
MPRegen  0.10/turn              (no ring)
                                (no ring)
                                (no ring)

@: lethally poisoned (-3 -> -6)
A: almost no armour, amphibious, 8 rings, camouflage 1, gelatinous body 1,
(nimble swimmer 1), tentacles
a: no special abilities


You were on level 2 of the Dungeon.
You visited 1 branch of the dungeon, and saw 2 of its levels.

You collected 63 gold pieces.

Inventory:

Hand Weapons
 a - a +2 shortbow (weapon)
Missiles
 b - 9 arrows (quivered ammo)
Jewellery
 g - an amulet of regeneration (around mantle)
 h - a ring of positive energy (left tentacle)
Scrolls
 c - 2 scrolls of teleportation
 d - a scroll of identify {unknown}
 e - a scroll of immolation {unknown}
 f - a scroll of magic mapping {unknown}


   Skills:
 + Level 3.8 Fighting
 + Level 3.0 Bows
 + Level 2.3 Dodging
 + Level 3.0 Stealth
 - Level 1.0 Shields
 - Level 2.0 Unarmed Combat
 + Level 1.3 Spellcasting
 + Level 1.3 Necromancy
 - Level 1.1 Evocations


You had 6 spell levels left.
You didn't know any spells.
Your spell library contained the following spells:

 Spells                   Type           Power      Damage    Failure   Level
 Slow                     Hex            1%         N/A       34%         2
 Vampiric Draining        Necr           2%         2d6       38%         3
 Confusing Touch          Hex            1%         N/A       56%         3


Dungeon Overview and Level Annotations

Branches:
Dungeon (2/15)

Altars:

Annotations:
D:2 Crazy Yiuf


Innate Abilities, Weirdness & Mutations

You cannot wear most types of armour.
You are amphibious.
You can wear up to eight rings at the same time.
Your skin changes colour to match your surroundings (Stealth+).
Your rubbery body absorbs attacks. (AC +1, EV +1)
((You are camouflaged near water. (Stealth+)))
You have tentacles for arms and can constrict up to eight enemies at once.


Message History

d - a scroll labelled IVOKHL YDAEDU
There is a stone staircase leading down here.
Found a large ivory ring.
h - a ring of positive energy
There are no items here.
h - a ring of positive energy (left tentacle)
You see here a bat skeleton.
Unknown command.
As you open the door, it creaks loudly!
Crazy Yiuf shouts!
Fire: 14 arrows
Press: ? - help, Q - select action Shift-Dir - straight line, f - Crazy Yiuf
Aim: Crazy Yiuf, wielding a +2 quarterstaff of chaos and wearing a +0 cloak (64% to hit)
You shoot an arrow. The arrow hits Crazy Yiuf.
Crazy Yiuf is lightly wounded.
Fire: 13 arrows
Press: ? - help, Q - select action Shift-Dir - straight line, f/p - Crazy Yiuf
Aim: Crazy Yiuf, wielding a +2 quarterstaff of chaos and wearing a +0 cloak (lightly wounded, 64% to hit)
You shoot an arrow. The arrow hits Crazy Yiuf.
Crazy Yiuf is moderately wounded.
Fire: 12 arrows
Press: ? - help, Q - select action Shift-Dir - straight line, f/p - Crazy Yiuf
Aim: Crazy Yiuf, wielding a +2 quarterstaff of chaos and wearing a +0 cloak (moderately wounded, 64% to hit)
You shoot an arrow. The arrow barely misses Crazy Yiuf.
Crazy Yiuf closely misses you.
Crazy Yiuf hits you with a +2 quarterstaff of chaos!
Fire: 11 arrows
Press: ? - help, Q - select action Shift-Dir - straight line, f/p - Crazy Yiuf
Aim: Crazy Yiuf, wielding a +2 quarterstaff of chaos and wearing a +0 cloak (moderately wounded, 64% to hit)
You shoot an arrow. The arrow barely misses Crazy Yiuf.
Crazy Yiuf grits, "Cards aubergine tea!"
Crazy Yiuf hits you with a +2 quarterstaff of chaos!
You are poisoned.
Fire: 10 arrows
Press: ? - help, Q - select action Shift-Dir - straight line, f/p - Crazy Yiuf
Aim: Crazy Yiuf, wielding a +2 quarterstaff of chaos and wearing a +0 cloak (moderately wounded, 64% to hit)
You shoot an arrow. The arrow barely misses Crazy Yiuf.
You feel very sick.
Crazy Yiuf whimpers, "Snoogle!
Snurf verde tortoise."
Crazy Yiuf hits you with a +2 quarterstaff of chaos!
You die...

........#..# #....#
###########.#
........#..# #....#
#.# ...........#
♣....♣ #.#
#.#..####.## ♣...♣♣
#.# #.#.## #.#
♣♣.♣♣ #.# #.#.# #.#
♣.♣♣ #.# #.#.## #.#
♣♣.♣ #.# #....##
#.# ♣.♣♣ #.#
#.###.###.# ♣♣@♣
#.# ..###.....# #g#
#.# (..##.##### .(.
#.# #.....######
#.(.# #.#
...........# #.()#
#.# #.....######
##### #..
.#.<.......# #.#
#.#.#...##.#######
###.#
###..........#.#.##
#....


You could see Crazy Yiuf.

Vanquished Creatures
  Sigmund (D:2)
  A dart slug (D:1)
  5 ball pythons
  4 endoplasms
  A giant cockroach (D:2)
  4 goblins
  A hobgoblin (D:1)
  2 quokkas (D:1)
  A bat (D:2)
  3 frilled lizards
  2 kobolds (D:1)
  8 rats
33 creatures vanquished.

Notes
Turn   | Place    | Note
-------+----------+-------------------------------------------
     0 | D:1      | ZARRMARR the Octopode Wanderer began the quest for the Orb.
     0 | D:1      | ZARRMARR set off with the following items: a +2 shortbow,
                  | 23 arrows, a scroll of teleportation, a potion of
                  | lignification
     0 | D:1      | Reached XP level 1. HP: 16/16 MP: 1/1
    94 | D:1      | Found a faded altar of an unknown god.
   128 | D:1      | Reached XP level 2. HP: 21/21 MP: 2/2
   129 | D:1      | Reached skill level 1 in Stealth
   727 | D:1      | Reached XP level 3. HP: 24/26 MP: 3/3
  1245 | D:2      | Found a runed translucent door.
  1246 | D:2      | Noticed Crazy Yiuf
  1383 | D:2      | Noticed Sigmund
  1432 | D:2      | Killed Sigmund
  1433 | D:2      | Reached skill level 1 in Spellcasting
  1433 | D:2      | Reached skill level 1 in Necromancy
  1433 | D:2      | Reached XP level 4. HP: 33/33 MP: 3/5
  1433 | D:2      | Reached XP level 5. HP: 37/37 MP: 3/6
  1695 | D:2      | Slain by Crazy Yiuf

Illustrated notes

Levels and vault maps discovered:
D:1:      dpeg_cavernosity, layout_loops_ring, basic_ecumenical_altar,
          minmay_misc_feat_secret_circle, minmay_fountain_box,
          minmay_heptomino_o4
D:2:      layout_loops_ring, uniq_sigmund, uniq_crazy_yiuf_cottage

Skill      XL: |  1  2  3 |
---------------+----------+-----
Stealth        | 1 3 |  3.0
Bows           | 3 |  3.0
Dodging        | 2 |  2.3
Spellcasting   | 1 |  1.3
Necromancy     | 1 |  1.3
Fighting       | |  3.8
Shields        | |  1.0
Unarmed Combat | |  2.0
Evocations     | |  1.1

Action                   |  1- 3 |  4- 6 || total
-------------------------+-------+-------++-------
Melee: Unarmed           |     3 |       ||     3
 Fire: Shortbow          |    72 |     9 ||    81
  Use: Potion            |     2 |       ||     2
Armor: Skin              |    21 |       ||    21
Dodge: Dodged            |    13 |     1 ||    14
